 Dungeon Crawl Stone Soup version 0.32-a0-876-gcfddb08e57 (webtiles) character file.

Game seed: 524319762209253236

62 Gunch the Grasshopper (level 3, -1/30 HPs)
             Began as a Draconian Warper on Mar 31, 2024.
             Was a Follower of Zin.
             Slain by a gnoll
             ... wielding a +0 spear
              (2 damage)
             ... on level 2 of the Dungeon.
             The game lasted 00:01:26 (1144 turns).

Gunch the Grasshopper (Draconian Warper)            Turns: 1144, Time: 00:01:27

Health: -1/30      AC:  5    Str: 13    XL:     3   Next: 85%
Magic:  6/6        EV: 11    Int: 13    God:    Zin [*.....]
Gold:   37         SH:  0    Dex: 12    Spells: 6/6 levels left

rFire   . . .        b - +0 dagger (venom)
rCold   . . .        (no shield)
rNeg    . . .        (body armour unavailable)
rPois   .            (helmet restricted)
rElec   .            (no cloak)
rCorr   .            (no gloves)
SInv    .            (no boots)
Will    .....        (no amulet)
Stlth   +            (no ring)
HPRegen 0.25/turn    (no ring)
MPRegen 0.10/turn

%: no passive effects
@: no status effects
A: AC +5, unfitting armour, cold-blooded
a: Renounce Religion, Recite, Donate Gold


You were on level 2 of the Dungeon.
You worshipped Zin.
Zin was aware of your devotion.
You visited 1 branch of the dungeon, and saw 2 of its levels.

You collected 41 gold pieces.
You donated 4 gold pieces to Zin.

Inventory:

Hand Weapons
 a - a +0 falchion
 b - a +0 dagger of venom (weapon)
Missiles
 d - 6 poisoned darts
Scrolls
 e - a scroll of enchant weapon {unknown}
 j - a scroll of blinking
 k - a scroll of identify {unknown}
Potions
 c - a potion of enlightenment {unknown}
 f - a potion of mutation {unknown}
 g - a potion of invisibility {unknown}
 h - a potion of curing {unknown}
 l - a potion of attraction {unknown}


   Skills:
 + Level 2.9 Fighting
 + Level 2.7 Long Blades
 - Level 0.8 Throwing
 + Level 2.7 Dodging
 - Level 2.0 Spellcasting
 + Level 3.5 Translocations


You had 6 spell levels left.
You didn't know any spells.
Your spell library contained the following spells:

 Spells                   Type           Power      Damage    Failure   Level
 Blink                    Tloc           20%        N/A       9%          2
 Lesser Beckoning         Tloc           20%        N/A       9%          2
 Teleport Other           Tloc           10%        N/A       19%         3
 Maxwell's Portable Pile  Tloc           10%        2d(7-13)  52%         4
 Vhi's Electric Charge    Tloc/Air       10%        N/A       77%         4


Dungeon Overview and Level Annotations

Branches:
Dungeon (2/15)

Altars:
Zin


Innate Abilities, Weirdness & Mutations

Your plain brown scales are hard. (AC +5)
You cannot fit into any form of body armour.
You are cold-blooded and may be slowed by cold attacks.


Message History

You kill the gnoll!
The gnoll closely misses you.
There are monsters nearby!
There are monsters nearby!
There are monsters nearby!
There are monsters nearby!
There are monsters nearby!
There are monsters nearby!
There are monsters nearby!
There are monsters nearby!
There are monsters nearby!
There are monsters nearby!
There are monsters nearby!
There are monsters nearby!
The gnoll hits you with a +0 club. The gnoll hits you with a +0 whip.
The gnoll hits you from afar with a +0 spear.
Things that are here:
a +0 halberd; a gnoll corpse The gnoll attacks as it pursues you!
The gnoll hits you but does no damage. The gnoll completely misses you.
The gnoll attacks as it pursues you! The gnoll misses you.
The gnoll attacks as it pursues you! The gnoll hits you with a +0 club.
The gnoll closely misses you.
You hit the gnoll.
The gnoll is poisoned.
Your tail-slap misses the gnoll.
The gnoll is moderately wounded.
The gnoll closely misses you. The gnoll hits you with a +0 club.
* * * LOW HITPOINT WARNING * * *
You hit the gnoll but do no damage.
The gnoll is moderately wounded.
The gnoll hits you from afar with a +0 spear.
* * * LOW HITPOINT WARNING * * *
The gnoll hits you with a +0 whip.
* * * LOW HITPOINT WARNING * * *
The gnoll misses you.
You barely miss the gnoll.
The gnoll is heavily wounded.
The gnoll hits you with a +0 whip.
* * * LOW HITPOINT WARNING * * *
The gnoll hits you from afar with a +0 spear.
You die...

.............
............ .
...#.....# ##..
...)...## ###....
)..#....##### ##).?....
##.###......#####.....#
#..##..###..#...)g.#
##.###.####...##g###
#...#....##.##@g#
###.####....##.##
#..###....#..#
##..##.#......
#######....#..####
.........###..#
########......#
#########.....##
..........##...#


You could see 3 gnolls.

Vanquished Creatures
  Natasha (D:2)
  A gnoll (D:2)
  An endoplasm (D:2)
  3 giant cockroaches
  2 goblins (D:2)
  3 hobgoblins (D:1)
  2 jackals (D:1)
  2 quokkas
  A ball python (D:2)
  2 bats (D:1)
  A frilled lizard (D:1)
  5 kobolds (D:1)
  A rat (D:2)
25 creatures vanquished.

Notes
Turn   | Place    | Note
-------+----------+-------------------------------------------
     0 | D:1      | Gunch the Draconian Warper began the quest for the Orb.
     0 | D:1      | Reached XP level 1. HP: 17/17 MP: 3/3
   203 | D:1      | Reached XP level 2. HP: 25/25 MP: 5/5
   295 | D:1      | You fall into a shaft and drop 1 floor!
   324 | D:2      | Noticed Natasha
   489 | D:1      | Found a faded altar of an unknown god.
   814 | D:1      | Prayed at the altar of an unknown god.
   814 | D:1      | Became a worshipper of Zin the Law-Giver
   814 | D:1      | Reached * piety under Zin
   873 | D:2      | HP: 1/25 [cerulean imp/+1 spear[Natasha] (3)]
   874 | D:2      | Killed Natasha
   875 | D:2      | Reached XP level 3. HP: 2/30 MP: 6/6
  1144 | D:2      | HP: 1/30 [gnoll/+0 whip (2)]
  1144 | D:2      | Slain by a gnoll

Illustrated notes

Levels and vault maps discovered:
D:1:      nzn_arrival_crosshair, layout_basic, chequers_ecumenical_altar_twisty,
          dreamdust_princess_bridge, kennysheep_pointless_box, minivault_19
D:2:      layout_rooms, uniq_natasha

Action                     || total
---------------------------++-------
  Melee: Falchion          ||    47
         Tailslap          ||     6
         Dagger            ||    33
  Throw: Dart              ||    30
 Armour: Skin              ||    60
  Dodge: Dodged            ||    52

Table legend: (Time is in decaauts)
 A = Elapsed time spent in this place.
 B = Non-inter-level travel time spent in this place.
 C = Inter-level travel time spent in this place.
 D = Time resting spent in this place.
 E = Time spent auto-exploring this place.
 F = Levels seen in this place.
 G = Mean time per level.
                   A        B        C        D        E       F      G
               +--------+--------+--------+--------+--------+-----+--------+
         Total |   1164 |   1059 |    105 |      0 |    812 |   2 |  582.0 |
       Dungeon |   1164 |   1059 |    105 |      0 |    812 |   2 |  582.0 |
               +--------+--------+--------+--------+--------+-----+--------+

Top non-repeatable levels by time:
     D:1: 832 daAuts
     D:2: 332 daAuts
